 Dungeon Crawl Stone Soup version 0.29.1-15-g9cfb28693d (webtiles) character file.

Game seed: 16017296341045789615

88743 LustLizard the Brawler (level 15, -1/154 HPs)
             Began as a Troll Fighter on Apr 4, 2023.
             Was the Champion of Wu Jian.
             Slain by a merfolk
             ... wielding a +0 trident
              (14 damage)
             ... on level 2 of the Shoals.
             The game lasted 01:04:49 (22942 turns).

LustLizard the Brawler (Troll Fighter)             Turns: 22942, Time: 01:04:50

Health: -1/154     AC: 10    Str: 28    XL:     15   Next: 47%
Magic:  14/14      EV: 11    Int: 10    God:    Wu Jian [******]
Gold:   216        SH:  0    Dex: 15    Spells: 6/14 levels left

rFire   + . .      SeeInvis .     - Unarmed
rCold   + + +      Faith    .   a - +2 kite shield
rNeg    . . .      Spirit   .   b - +5 robe of Xogonaora {rC++}
rPois   +          Reflect  +   H - +1 hat
rElec   +          Harm     .   x - scarf {rC+ rF+}
rCorr   .          Rampage  .   (gloves unavailable)
Will    .....                   (boots unavailable)
Stlth   +.........              f - amulet of reflection
HPRegen 1.15/turn               Z - ring of poison resistance
MPRegen 0.14/turn               K - ring of the Imp {rElec EV+4 Dex+6}

@: lit by a corona, weak-willed, mesmerised, held, glowing
A: large, unfitting armour, claws 3, regeneration 1, shaggy fur 1, tough skin 1
a: Renounce Religion, Wall Jump, Serpent's Lash, Heavenly Storm


You were on level 2 of the Shoals.
You worshipped Wu Jian.
Wu Jian was exalted by your worship.
You visited 5 branches of the dungeon, and saw 24 of its levels.
You also visited: Ice Cave and Volcano.

You collected 2573 gold pieces.
You spent 2357 gold pieces at shops.

Inventory:

Hand Weapons
 O - a +4 scimitar of flaming
Missiles
 i - 12 atropa-tipped darts
 I - 61 poisoned darts
 M - 2 throwing nets
 X - 4 curare-tipped darts
Armour
 a - a +2 kite shield (worn)
 b - the +5 robe of Xogonaora (worn) {rC++}
   (You bought it in a shop on level 2 of the Orcish Mines)

   rC:        It greatly protects you from cold.
 x - a scarf of resistance (worn)
 F - a +2 cloak of poison resistance
 H - a +1 hat (worn)
 T - +0 acid dragon scales
Jewellery
 d - a ring of protection from cold
 f - an amulet of reflection (around neck)
 o - a ring of flight
 q - a +6 ring of intelligence
 t - a ring of resist corrosion
 v - a ring of protection from cold
 y - an amulet of magic regeneration
 G - a ring of see invisible
 K - the ring of the Imp (right claw) {rElec EV+4 Dex+6}
   (You bought it in a shop on level 2 of the Orcish Mines)

   [ring of evasion]

   EV:        It affects your evasion (+4).
   Dex:       It affects your dexterity (+6).
   rElec:     It insulates you from electricity.
 L - an amulet of regeneration
 Z - a ring of poison resistance (left claw)
Wands
 B - a wand of flame (25)
 J - a wand of paralysis (8)
 N - a wand of polymorph (10)
 V - a wand of light (1)
Scrolls
 l - 5 scrolls of enchant armour
 m - 5 scrolls of teleportation
 p - 2 scrolls of immolation
 r - 2 scrolls of summoning
 s - 2 scrolls of torment
 u - 3 scrolls of poison
 C - a scroll of magic mapping
 E - 2 scrolls of fear
 P - 2 scrolls of silence
 R - 2 scrolls of butterflies
 S - 2 scrolls of blinking
Potions
 c - 3 potions of might
 e - 2 potions of invisibility
 g - 3 potions of magic
 h - 5 potions of curing
 j - a potion of lignification
 k - 5 potions of mutation
 n - 3 potions of heal wounds
 w - a potion of flight
 z - 3 potions of haste
 A - 3 potions of berserk rage
 W - 5 potions of brilliance
 Y - 4 potions of resistance
Miscellaneous
 U - a condenser vane (inert)


   Skills:
 + Level 11.2 Fighting
 - Level 9.9 Dodging
 + Level 12.2 Shields
 * Level 17.8 Unarmed Combat
 - Level 4.0 Translocations


You had 6 spell levels left.
You knew the following spells:

 Your Spells              Type           Power      Damage    Failure   Level
a - Blink                 Tloc           16%        N/A       19%         2
b - Statue Form           Tmut/Erth      0%         N/A       100%        6

Your spell library contained the following spells:

 Spells                   Type           Power      Damage    Failure   Level
 Gell's Gravitas          Tloc           8%         N/A       36%         3
 Lesser Beckoning         Tloc           8%         N/A       36%         3
 Teleport Other           Tloc           8%         N/A       36%         3
 Beastly Appendage        Tmut           0%         N/A       54%         1
 Magic Dart               Conj           0%         1d3       54%         1
 Sandblast                Erth           0%         2d4       54%         1
 Slow                     Hex            0%         N/A       54%         1
 Summon Small Mammal      Summ           0%         N/A       54%         1
 Ensorcelled Hibernation  Hex/Ice        0%         N/A       67%         2
 Passwall                 Tmut/Erth      0%         N/A       67%         2
 Scorch                   Fire           0%         2d5       67%         2
 Searing Ray              Conj           0%         2d4       67%         2
 Wereblood                Tmut           0%         N/A       67%         2
 Call Canine Familiar     Summ           0%         N/A       88%         3
 Confusing Touch          Hex            0%         N/A       88%         3
 Spider Form              Tmut/Pois      0%         N/A       88%         3
 Stone Arrow              Conj/Erth      0%         3d7       88%         3
 Summon Guardian Golem    Hex/Summ       0%         N/A       88%         3
 Vampiric Draining        Necr           0%         2d6       88%         3
 Manifold Assault         Tloc           8%         N/A       98%         5
 Anguish                  Hex/Necr       0%         N/A       99%         4
 Animate Armour           Summ/Erth      0%         N/A       99%         4
 Animate Dead             Necr           0%         N/A       99%         4
 Flame Wave               Conj/Fire      0%         2d4       99%         4
 Fulminant Prism          Conj/Hex       0%         3d6       99%         4
 Leda's Liquefaction      Hex/Erth       0%         N/A       99%         4
 Summon Lightning Spire   Summ/Air       0%         N/A       99%         4
 Blade Hands              Tmut           0%         N/A       100%        5
 Borgnjor's Vile Clutch   Necr/Erth      0%         N/A       100%        5
 Lee's Rapid Deconstruct  Erth           0%         3d5*      100%        5
 Death Channel            Necr           0%         N/A       100%        6
 Iron Shot                Conj/Erth      0%         9d1       100%        6
 Summon Cactus Giant      Summ           0%         N/A       100%        6
 Storm Form               Tmut/Air       0%         N/A       100%        7
 Maxwell's Capacitive Co  Air            0%         ∞         100%        8


Dungeon Overview and Level Annotations

Branches:
Dungeon (14/15)            Temple (1/1) D:5            Lair (5/5) D:11
 Shoals (2/4) Lair:3        Snake (0/4) Lair:2        Slime (0/5) Lair:4
    Orc (2/2) D:10            Elf (0/3) Orc:2        Vaults (0/5) D:13
  IceCv (visited)         Volcano (visited)

Altars:
Ashenzari
Cheibriados
Dithmenos
Elyvilon
Fedhas
Gozag
Hepliaklqana
Kikubaaqudgha
Makhleb
Nemelex Xobeh
Okawaru
Qazlal
Ru
Sif Muna
Trog
Uskayaw
Vehumet
Wu Jian
Xom
Yredelemnul
Zin
The Shining One
Lugonu

Shops:
D:4 ?[[   D:7 *   D:8 (   Orc:1 =   Orc:2 ([:=?!**

Portals:
Bazaar: Shoals:2

Annotations:
D:9 exclusion: door
D:11 3 transporters
Shoals:2 Ilsuiw


Innate Abilities, Weirdness & Mutations

You are too large for most types of armour.
You have claws for hands.
Your natural rate of healing is unusually fast.
You are covered in fur. (AC +1)
You have tough skin. (AC +1)


Message History

The merfolk siren chants a haunting song.
You are mesmerised by the merfolk siren!
A merfolk comes into view. It is wielding a +0 trident.
The merfolk hits you from afar with a +0 trident.
The merfolk hits you with a +0 trident!
You spin and attack the wind drake.
You mangle the wind drake!!
The wind drake is moderately wounded.
You spin and attack the merfolk.
You claw the merfolk!
The merfolk is almost dead.
You block the wind drake's attack.
The merfolk siren chants its luring song.
The merfolk throws a throwing net.
The throwing net hits you.
You become entangled in the net!
The merfolk hits you with a +0 trident!
The wind drake bites you but does no damage.
The merfolk hits you with a +0 trident!
Things that are here:
a throwing net; a +0 trident; a merfolk corpse Unknown command.
You struggle against the net.
The merfolk siren chants its luring song.
The merfolk hits you with a +0 trident!
The wind drake exhales a fierce blast of wind!
The merfolk is blown away by the wind.
The merfolk hits you with a +0 trident.
You struggle against the net.
The wind drake flaps its wings at you. The air twists around and strikes you.
The merfolk siren chants its luring song.
The merfolk hits you with a +0 trident!
* * * LOW HITPOINT WARNING * * *
The merfolk hits you with a +0 trident!
* * * LOW HITPOINT WARNING * * *
The human hits you but does no damage.
You struggle against the net.
Ilsuiw, Witch of the Tides comes into view.
She is wielding a +0 trident of freezing and wearing a +2 robe of cold resistance.
The wind drake flaps its wings at you. The air twists around and strikes you!
* * * LOW HITPOINT WARNING * * *
The merfolk siren chants its luring song.
The merfolk hits you with a +0 trident!
You die...

~~~,,,,,,,.............~≈≈~...~,,
~~~~~,,,,.....^........~.......,~
~~~~~~~,,........m.....~....#,,,,
~~~~~~,,,~~~....m...........#*,,,
~~~~,,,,,~~~...............[...,~
~~~,,,,,,,~~~m............^....,,
~~~,,,,*,..~....p...........~~~~~
~~~,,,,,,....##.pm.~...........~~
~~~,,,,,,....##.@m≈c≈~.~~c.....,~
~~,,,,,,,..$.....k.~~~~~~c~..~~~~
~~~~~,~,,.......<.m~c.~~~~~c~~~~~
~~~~,,,**##.....~~~~<.~~~..~~~~~~
~~~~,,,,**##....~~~~..~~~,,~~~~~~
,,,,,,,,*#...?..~~~~~~~~~~~~~~,~~
,,,,,,,,,......~~~~~~~~~~~~~~,~~~
,,,,,~,,,.....~~~≈≈≈~~~~~~~~~,,~~
,~,,,~,,,.....~~~≈≈≈≈~~~~~~~~~~~~


You could see Ilsuiw, a wind drake (repels missiles), 4 merfolk, 2 fauns, a
merfolk siren (mesmerising) and 2 humans.

Vanquished Creatures
  An ironbound preserver (D:13)
  A dire elephant (Lair:5)
  2 merfolk impalers (Shoals:1)
  8 hydras
  3 boulder beetles
  An ice dragon (Lair:5)
  4 catoblepae
  2 merfolk avatars (Shoals:1)
  Erica (D:11)
  3 two-headed ogres
  An alligator snapping turtle (Lair:3)
  A tengu warrior (D:14)
  5 death yaks
  3 orc high priests (Orc:2)
  A sea snake (Shoals:1)
  4 lindwurms (Lair:5)
  A deep elf pyromancer (D:14)
  5 orc knights
  3 ugly things (D:13)
  3 cyclopes
  6 orc sorcerers
  8 manticores
  Maurice (D:8)
  4 black mambas
  12 elephants
  2 toenail golems (Volcano)
  An ice statue (IceCv)
  2 molten gargoyles (Volcano)
  3 gargoyles
  13 cane toads
  6 torpor snails
  A freezing wraith (D:14)
  3 efreet
  2 unseen horrors
  A kobold demonologist (D:12)
  5 rime drakes
  4 komodo dragons
  Psyche (D:11)
  3 ice devils (IceCv)
  8 merfolk
  2 polar bears
  A wind drake (Shoals:1)
  3 meliai (D:13)
  5 trolls
  3 tyrant leeches (Lair:5)
  7 hornets (Lair:5)
  3 dream sheep
  20 blink frogs
  8 slime creatures
  A shadow (D:11)
  A dire elephant simulacrum (IceCv)
  A water elemental (Shoals:1)
  A vampire (D:13)
  4 fire elementals (Volcano)
  60 yaks
  A wyvern (Lair:5)
  5 basilisks
  5 vampire mosquitoes (D:13)
  3 death yak simulacra (IceCv)
  3 steam dragons
  3 wargs
  2 nagas (Lair:2)
  3 acid dragons
  19 water moccasins
  A hydra simulacrum (IceCv)
  21 orc warriors
  3 sky beasts
  2 black bears
  4 ice beasts
  6 ogres
  7 wolves
  10 centaurs
  A phantom (D:5)
  4 kobold brigands
  11 bullfrogs
  A gnoll sergeant (D:10)
  3 cane toad simulacra (IceCv)
  3 scorpions
  2 two-headed ogre simulacra (IceCv)
  2 earth elementals (Volcano)
  9 killer bees (D:9)
  2 elephant simulacra (IceCv)
  A howler monkey (D:11)
  A hound (D:6)
  3 jellies
  4 gnoll boudas
  13 orc priests
  3 iguanas
  A human skeleton (D:4)
  14 orc wizards
  9 hell rats
  3 troll simulacra (IceCv)
  A statue (D:7)
  4 polar bear simulacra (IceCv)
  4 spriggan simulacra (IceCv)
  3 wolf simulacra (IceCv)
  Robin (D:2)
  4 adders
  23 gnolls
  5 naga simulacra (IceCv)
  4 river rats (Lair:1)
  2 shadow imps (D:5)
  16 white imps
  13 ufetubi
  4 worms
  61 orcs
  5 bats
  12 endoplasms
  4 giant cockroaches
  7 hobgoblins
  6 jackals
  20 kobolds
  4 quokkas
  5 ball pythons
  6 frilled lizards
  21 goblins
  10 rats
692 creatures vanquished.

Vanquished Creatures (others)
  A yak (Lair:3)
  2 fire vortices (Volcano)
  20 fungi
  48 plants
71 creatures vanquished.

Grand Total: 763 creatures vanquished

Notes
Turn   | Place    | Note
-------+----------+-------------------------------------------
     0 | D:1      | LustLizard the Troll Fighter began the quest for the Orb.
     0 | D:1      | Reached XP level 1. HP: 22/22 MP: 0/0
   191 | D:1      | Reached XP level 2. HP: 29/29 MP: 1/1
   842 | D:2      | Reached XP level 3. HP: 36/36 MP: 2/2
   929 | D:2      | Found a faded altar of an unknown god.
   995 | D:2      | Reached skill level 3 in Unarmed Combat
  1344 | D:2      | Noticed Robin
  1361 | D:2      | Killed Robin
  1362 | D:2      | Reached XP level 4. HP: 22/44 MP: 3/3
  1698 | D:3      | Noticed an ice beast
  1704 | D:3      | Killed an ice beast
  1705 | D:3      | Reached skill level 4 in Unarmed Combat
  1705 | D:3      | Reached XP level 5. HP: 42/53 MP: 4/4
  2299 | D:4      | Found a runed translucent door.
  2299 | D:4      | Noticed a human
  2359 | D:4      | Found Agromeang's Armour Shoppe.
  2367 | D:4      | Found Cifaxt's Antique Armour Shoppe.
  2376 | D:4      | Reached XP level 6. HP: 40/61 MP: 5/5
  2443 | D:4      | Reached skill level 5 in Unarmed Combat
  2567 | D:4      | Found a basalt altar of Yredelemnul.
  2608 | D:4      | Reached XP level 7. HP: 67/68 MP: 6/6
  2615 | D:4      | Found Kipuisex's Magic Scroll Shoppe.
  2636 | D:4      | Bought a scroll of noise for 11 gold pieces
  2636 | D:4      | Bought a scroll of identify for 22 gold pieces
  2911 | D:5      | Entered Level 5 of the Dungeon
  2931 | D:5      | Reached skill level 6 in Unarmed Combat
  3004 | D:5      | Found a staircase to the Ecumenical Temple.
  3032 | Temple   | Entered the Ecumenical Temple
  3047 | Temple   | Became a worshipper of the Wu Jian Council
  3300 | D:5      | Found a white marble altar of Elyvilon.
  3441 | D:5      | Found an ancient bone altar of Kikubaaqudgha.
  3806 | D:6      | Reached XP level 8. HP: 79/79 MP: 7/7
  3807 | D:6      | Reached skill level 5 in Shields
  3810 | D:6      | Reached * piety under Wu Jian
  3842 | D:6      | Found a stormy altar of Qazlal.
  3842 | D:6      | Found an iron altar of Okawaru.
  3880 | D:6      | Reached skill level 7 in Unarmed Combat
  4608 | D:7      | Found Tinubbawu's General Store.
  4621 | D:7      | Reached skill level 5 in Fighting
  4624 | D:7      | Bought a scroll of fear for 52 gold pieces
  4624 | D:7      | Bought a scroll of enchant armour for 97 gold pieces
  4715 | D:7      | Found a shimmering blue altar of Sif Muna.
  4723 | D:7      | Reached skill level 8 in Unarmed Combat
  4804 | D:7      | Found a burning altar of Makhleb.
  4840 | D:7      | Found a glowing silver altar of Zin.
  4874 | D:7      | Found a bloodstained altar of Trog.
  4925 | D:7      | Found a radiant altar of Vehumet.
  5048 | D:7      | Found a hide-covered altar of Uskayaw.
  5048 | D:7      | Found a sparkling altar of Nemelex Xobeh.
  5094 | D:8      | Reached XP level 9. HP: 88/88 MP: 8/8
  5178 | D:8      | Reached ** piety under Wu Jian
  5225 | D:8      | Noticed Maurice
  5277 | D:8      | Found Getuypo's Weapon Emporium.
  5311 | D:8      | Reached skill level 9 in Unarmed Combat
  5507 | D:8      | Found a broken altar of Ashenzari.
  5622 | D:8      | Killed Maurice
  5763 | D:9      | Reached skill level 10 in Unarmed Combat
  5951 | D:9      | Found a blossoming altar of Fedhas.
  6016 | D:9      | Reached XP level 10. HP: 100/100 MP: 9/9
  6500 | D:10     | Entered Level 10 of the Dungeon
  6543 | D:10     | Reached *** piety under Wu Jian
  6820 | D:10     | Found a staircase to the Orcish Mines.
  6905 | D:10     | Reached skill level 11 in Unarmed Combat
  7037 | D:10     | Reached **** piety under Wu Jian
  7117 | D:10     | Noticed a gargoyle
  7121 | D:10     | Killed a gargoyle
  7122 | D:10     | Reached skill level 5 in Dodging
  7253 | D:10     | Noticed a gargoyle
  7259 | D:10     | Killed a gargoyle
  7260 | D:10     | Reached XP level 11. HP: 99/109 MP: 10/10
  7683 | D:11     | Found a transporter.
  7726 | D:11     | Found a transporter.
  7801 | D:11     | Found a transporter.
  7825 | D:11     | Noticed Psyche
  7831 | D:11     | Killed Psyche
  7832 | D:11     | Reached skill level 12 in Unarmed Combat
  7872 | D:11     | Noticed a five-headed hydra
  7970 | D:11     | Noticed Erica
  7979 | D:11     | Killed Erica
  8178 | D:11     | Noticed a two-headed ogre
  8188 | D:11     | Killed a two-headed ogre
  8208 | D:11     | Noticed a two-headed ogre
  8232 | D:11     | Killed a two-headed ogre
  8455 | D:11     | Found a staircase to the Lair.
  8488 | D:11     | Killed a one-headed hydra
  8825 | D:12     | Noticed a four-headed hydra
  8832 | D:12     | Killed a one-headed hydra
  8911 | D:12     | Reached skill level 13 in Unarmed Combat
  9388 | D:12     | Reached XP level 12. HP: 99/120 MP: 11/11
  9651 | D:12     | Learned a level 2 spell: Blink
  9866 | Lair:1   | Entered Level 1 of the Lair of Beasts
  9972 | Lair:1   | Noticed a death yak
  9981 | Lair:1   | Killed a death yak
  9982 | Lair:1   | Reached skill level 1 in Translocations
 10258 | Lair:1   | Reached ***** piety under Wu Jian
 10718 | Lair:2   | Noticed a seven-headed hydra
 10852 | Lair:2   | Found a staircase to the Snake Pit.
 11032 | Lair:2   | Found a frozen archway.
 11122 | IceCv    | Entered an ice cave
 11588 | IceCv    | Noticed a reaper
 11718 | IceCv    | Reached skill level 14 in Unarmed Combat
 12047 | IceCv    | Identified the +2 sling of Melee {speed, Str+6 Stlth+}
 12210 | Lair:2   | Killed a one-headed hydra
 12372 | Lair:2   | Noticed a six-headed hydra
 12523 | Lair:2   | Noticed a seven-headed hydra
 12848 | Lair:3   | Noticed a boulder beetle
 12849 | Lair:3   | Noticed a catoblepas
 12849 | Lair:3   | Noticed a boulder beetle
 12872 | Lair:3   | Reached XP level 13. HP: 103/130 MP: 12/12
 13138 | Lair:3   | Reached skill level 10 in Shields
 13298 | Lair:3   | Reached ****** piety under Wu Jian
 13474 | Lair:3   | Found a staircase to the Shoals.
 13566 | Lair:3   | Found a shimmering altar of Xom.
 13963 | Lair:4   | Reached skill level 15 in Unarmed Combat
 14325 | Lair:4   | Found a dark tunnel.
 14335 | Volcano  | Entered a volcano
 14745 | Lair:4   | Found a staircase to the Slime Pits.
 15326 | Lair:5   | Entered Level 5 of the Lair of Beasts
 15588 | D:4      | Bought a scroll of identify for 22 gold pieces
 15588 | D:4      | Bought a scroll of teleportation for 33 gold pieces
 15588 | D:4      | Bought a scroll of silence for 104 gold pieces
 16280 | Lair:5   | Reached XP level 14. HP: 107/141 MP: 13/13
 16518 | Lair:5   | Reached skill level 10 in Fighting
 16565 | Lair:5   | Reached skill level 16 in Unarmed Combat
 16610 | Lair:5   | Identified the +1 leather armour "Dessapt" {rF+}
 18386 | Lair:5   | Found a runed translucent door.
 18432 | Lair:5   | Paralysed by a hornet for 3 turns
 18446 | Lair:5   | Paralysed by a hornet for 2 turns
 19194 | Orc:1    | Entered Level 1 of the Orcish Mines
 19194 | Orc:1    | Found Qeuj's Jewellery Shoppe.
 19488 | Orc:2    | Entered Level 2 of the Orcish Mines
 19488 | Orc:2    | Found Jatuluri's Book Emporium.
 19576 | Orc:2    | Found a staircase to the Elven Halls.
 19586 | Orc:2    | Found Muxopamn's Weapon Shoppe.
 19665 | Orc:2    | Found Qelado Udom's Armour Emporium.
 19735 | Orc:2    | Found Ucra's Jewellery Boutique.
 19776 | Orc:2    | Found Ilueh's Magic Scroll Emporium.
 19906 | Orc:2    | Reached skill level 17 in Unarmed Combat
 20028 | Orc:2    | Found Suos's Assorted Antiques.
 20030 | Orc:2    | Found Boclun's General Store.
 20043 | Orc:2    | Found Ettav's Distillery.
 20047 | Orc:2    | Bought a potion of haste for 160 gold pieces
 20049 | Orc:2    | Bought a scroll of blinking for 120 gold pieces
 20059 | Orc:2    | Bought a fuming yellow potion for 27 gold pieces
 20059 | Orc:2    | Bought a scroll labelled AWOGADOMUN for 30 gold pieces
 20302 | Orc:2    | Bought the +5 robe of Xogonaora {rC++} for 803 gold pieces
 20343 | Orc:2    | Bought the ring of the Imp {rElec EV+4 Dex+6} for 876 gold
                  | pieces
 20507 | D:13     | Learned a level 6 spell: Statue Form
 20565 | D:13     | Reached XP level 15. HP: 152/152 MP: 14/14
 21087 | D:13     | Found a gate to the Vaults.
 21363 | D:14     | Identified the +6 shortbow of Xanum {freeze, Will++ Dex+4}
 22041 | D:14     | Found a shadowy altar of Dithmenos.
 22339 | Shoals:1 | Entered Level 1 of the Shoals
 22924 | Shoals:1 | You fall into a shaft and drop 1 floor!
 22927 | Shoals:2 | Found a flickering gateway to a bazaar.
 22942 | Shoals:2 | Noticed Ilsuiw
 22942 | Shoals:2 | Slain by a merfolk

Illustrated notes

Levels and vault maps discovered:
D:1:      shiori_shiawase, layout_basic, serial_aquarium, aquarium_bridge_square
          [aquarium_subvault_window, aquarium_subvault_bridge,
          aquarium_subvault_balcony, aquarium_subvault_bridge],
          aquarium_window_3, aquarium_window_1, aquarium_window_1,
          aquarium_view_2e, aquarium_view_2b, aquarium_pool_S
D:2:      layout_basic, dreamdust_ecumenical_altar_grove, uniq_robin
D:3:      layout_rooms, minmay_starry_boxes
D:4:      layout_cave_pools, dk_yredelemnul_ordeal, serial_shops, shop,
          kennysheep_mini, shop, kennysheep_generic_room_8
D:5:      layout_basic, kennysheep_little_box, mainiacjoe_overflow_paths,
          minmay_temple_entry_mist, serial_curves, eino_curves_04,
          eino_curves_04, minmay_liquid_box
D:6:      layout_basic, jmf_multi_god_temple, kennysheep_generic_room_12
D:7:      layout_basic, vehumet_statue, pf_just_have_faith,
          mainiacjoe_overflow_tiny_flanked, lemuel_coloured_pillars_altar,
          mainiacjoe_overflow_catwalk, mainiacjoe_overflow_divided_tiny,
          serial_shops, shop
D:8:      layout_rooms, nicolae_ashenzari_panopticon, serial_shops,
          nicolae_shop_competitors_out_of_business,
          kennysheep_decorative_pillar, uniq_maurice
D:9:      layout_gridville, mainiacjoe_overflow_cross_hatched
D:10:     layout_irregular_city, kennysheep_orc_monster_closet_entryway
D:11:     layout_loops_ring, lair_entry_dummy, nicolae_diode_intersection,
          uniq_erica, uniq_psyche
D:12:     layout_roguey [special_room_orc]
D:13:     layout_small_grid, skrybe_vaults_entry_preservation
D:14:     layout_stronghold, nicolae_dithmenos_through_a_glass_darkly
Temple:   corrupted_temple
Lair:1:   layout_hall_layers, minivault_11, kennysheep_abandoned_house
Lair:2:   layout_regular_city, guppyfry_snake_entry_garden,
          portal_ice_cave_entry_imps, uniq_amaemon
Lair:3:   nzn_winding_woodlands_cross [nzn_winding_woodlands_5x15_concentric,
          nzn_winding_woodlands_5x15_parted, nzn_winding_woodlands_5x15_cabin,
          nzn_winding_woodlands_5x15_sawtooth,
          nzn_winding_woodlands_15x15_killbox], layout_chaotic_city,
          elwin_shoals_entry_rocks, basic_altar
Lair:4:   layout_cave_pods, slime_entry_1, nicolae_volcano_entry_hallway,
          minmay_lindwurm_lava, serial_bayou_shore_b
Lair:5:   wormcave, layout_long_grid, hangedman_lair_in_review
Shoals:1: cheibrodos_shoals_roost, layout_shoals, serial_shops, shop,
          nicolae_shoals_lost_giant_hut, nicolae_shop_gadgets
Shoals:2: layout_shoals, serial_shops, bzr_entry_customers, uniq_ilsuiw
Orc:1:    layout_caves, serial_shops, nicolae_shop_crystal
Orc:2:    st_orc_elflike, layout_diamond_mine, serial_shops,
          nicolae_shop_bloodbath_and_beyond, nicolae_lakefront_shop,
          nicolae_shop_statue_plus, shop, basic_altar, mines2_david

Skill      XL: |  1  2  3  4  5  6  7  8  9 10 11 12 13 14 15 |
---------------+----------------------------------------------+-----
Shields        | 3 4 6 7 9 10 11 12 | 12.2
Unarmed Combat | 3 4 5 6 8 10 11 13 14 15 17 | 17.8
Fighting       | 3 4 5 6 7 8 9 10 11 | 11.2
Dodging        | 3 5 6 7 8 9 |  9.9
Translocations | 4 |  4.0

Action                   |  1- 3 |  4- 6 |  7- 9 | 10-12 | 13-15 || total
-------------------------+-------+-------+-------+-------+-------++-------
Melee: Unarmed           |    99 |   174 |   354 |   829 |  1118 ||  2574
       Scimitar          |       |       |       |    24 |    29 ||    53
Throw: Dart              |       |     3 |     2 |     9 |    12 ||    26
       Throwing net      |       |       |       |     1 |       ||     1
Invok: Lunge             |       |       |    30 |    60 |    75 ||   165
       Whirlwind         |       |       |    57 |   154 |   190 ||   401
Evoke: Wand              |       |       |       |     8 |    14 ||    22
       Condenser vane    |       |       |       |     1 |     2 ||     3
  Use: Scroll            |       |     1 |     5 |    15 |    17 ||    38
       Potion            |       |       |       |     1 |    11 ||    12
 Stab: Sleeping          |       |     1 |       |       |       ||     1
       Confused          |       |       |       |       |     5 ||     5
       Invisible         |       |       |       |       |     2 ||     2
Armor: Robe              |    25 |    36 |    30 |    57 |    27 ||   175
       Acid dragon scale |       |       |       |   113 |   137 ||   250
Dodge: Dodged            |    20 |    27 |    59 |   237 |   234 ||   577
Block: Kite shield       |    57 |    99 |   162 |   426 |   561 ||  1305
       Reflection        |       |     2 |    10 |    10 |    26 ||    48
